 Dungeon Crawl Stone Soup version 0.17.1-2-g5865329 (webtiles) character file.

1306 xeno23 the Transmogrifier (level 8, -13/35 HPs)
             Began as a Felid Transmuter on Feb 5, 2016.
             Was a Follower of Ru.
             Killed from afar by Erica (36 damage)
             ... with a bolt of poison
             ... on level 9 of the Dungeon.
             The game lasted 00:44:49 (10785 turns).

xeno23 the Transmogrifier (Felid Transmuter)       Turns: 10785, Time: 00:44:49

Health: -13/35     AC:  2    Str:  6    XL:     8   Next: 32%
Magic:  8/14       EV: 28    Int: 13    God:    Ru [*.....]
Gold:   368        SH:  0    Dex: 24    Spells: 4 memorised, 3 levels left
                                        Lives:  0   Deaths: 2

rFire  x . .     SeeInvis +       - Unarmed
rCold  + . .     Clarity  .     (armour unavailable)
rNeg   . . .     SustAt   .     (shield unavailable)
rPois  x         Gourm    .     (helmet unavailable)
rElec  .         Spirit   .     (cloak unavailable)
rCorr  .         Warding  .     (gloves unavailable)
rMut   .         Stasis   +     (boots unavailable)
MR     +....                    x - amulet of stasis
Stlth  ++++......               p - ring of ice
                                E - ring "Cittiovu" {Slay+4 Stlth-}

@: lethally poisoned (-13 -> -44), spider-form, very slightly contaminated,
somewhat resistant to hostile enchantments, stealthy
A: no armour, no weapons or thrown items, (claws 0), (fangs 0), see invisible,
berserk 1, carnivore 3, dopey 1, (speed 0), frail 1, (shaggy fur 0), slow
metabolism 1, MP-powered wands, inexperienced 1, (sharp paws)
a: End Transformation, Renounce Religion


You were on level 9 of the Dungeon.
You worshipped Ru.
Ru was aware of your devotion.
You were completely stuffed.
You were a venomous arachnid creature.
You visited 2 branches of the dungeon, and saw 10 of its levels.

You collected 536 gold pieces.
You spent 168 gold pieces at shops.

Inventory:

Missiles
 a - 72 arrows
 A - 10 arrows of dispersal
Jewellery
 p - a ring of ice (right front leg)
 x - an amulet of stasis (around neck)
 E - the ring "Cittiovu" (left front leg) {Slay+4 Stlth-}
   (You bought it in a shop on level 7 of the Dungeon)

   [ring of loudness]

   It affects your accuracy and damage with ranged weapons and melee attacks
   (+4).
   It makes you less stealthy.
Wands
 s - a wand of disintegration (8)
 w - a wand of confusion (16)
 y - a wand of random effects (28)
 D - a wand of polymorph (14)
 G - a wand of draining (8)
Scrolls
 d - a scroll of blinking
 e - a scroll of teleportation
 g - 2 scrolls of enchant weapon {unknown}
 k - a scroll of noise {unknown}
 l - 2 scrolls of remove curse
 n - a scroll of fear
 o - a scroll of immolation
 q - a scroll of amnesia {unknown}
 I - a scroll of torment {unknown}
 J - a scroll of enchant armour {unknown}
 L - a scroll of magic mapping {unknown}
Potions
 f - a potion of mutation {unknown}
 h - a potion of resistance {unknown}
 i - 2 potions of haste {unknown}
 r - a potion of lignification
 t - a potion of ambrosia {unknown}
 u - 2 potions of curing
 v - 2 potions of brilliance {unknown}
 z - 2 potions of flight {unknown}
 B - 4 potions of berserk rage
 C - a potion of cancellation {unknown}
 F - a potion of agility {unknown}
 H - a potion of cure mutation {unknown}
Books
 b - a book of Changes

   Spells                             Type                      Level
   a - Beastly Appendage              Transmutation                1
   b - Sticks to Snakes               Transmutation                2
   c - Spider Form                    Transmutation/Poison         3
   d - Ice Form                       Ice/Transmutation            4
   e - Blade Hands                    Transmutation                5
 M - a book of Flames

   Spells                             Type                      Level
   a - Flame Tongue                   Conjuration/Fire             1
   b - Throw Flame                    Conjuration/Fire             2
   c - Conjure Flame                  Conjuration/Fire             3
   d - Inner Flame                    Hexes/Fire                   3
   e - Sticky Flame                   Conjuration/Fire             4
   f - Fireball                       Conjuration/Fire             5
Comestibles
 c - 2 meat rations
 j - 3 slices of pizza
 m - a beef jerky
 K - 3 chunks of flesh


   Skills:
 * Level 6.8 Fighting
 + Level 6.7 Dodging
 + Level 7.0 Stealth
 * Level 7.6 Unarmed Combat
 + Level 3.7 Spellcasting
 * Level 8.0 Transmutations
 + Level 4.0 Evocations


You had 3 spell levels left.
You knew the following spells:

 Your Spells              Type           Power        Failure   Level  Hunger
a - Beastly Appendage     Trmt           ###...       4%          1    #......
d - Sticks to Snakes      Trmt           ###.......   6%          2    ##.....
q - Blade Hands           Trmt           ###.......   50%         5    ######.
s - Spider Form           Trmt/Pois      ##........   32%         3    ###....


Dungeon Overview and Level Annotations

Branches:
Dungeon (9/15)             Temple (1/1) D:6
   Lair: D:8-11         Orc: D:9-12

Altars:
Ashenzari
Cheibriados
Dithmenos
Elyvilon
Gozag
Kikubaaqudgha
Makhleb
Nemelex Xobeh
Okawaru
Qazlal
Ru
Sif Muna
Trog
Vehumet
Xom
Yredelemnul
Zin
The Shining One

Shops:
D:7 *

Annotations:
D:7 exclusion: ice statue
D:8 Grum
D:9 Erica; emiel's ghost, novice DDSk


Innate Abilities, Weirdness & Mutations

You cannot wear armour.
You are incapable of wielding weapons or throwing items.
((You have sharp claws.))
((You have razor-sharp teeth.))
You have supernaturally acute eyesight.
You are carnivorous and can eat meat at any time.
((You cover ground quickly.))
((You are covered in thick fur (AC +2).))
You have a slow metabolism.
You are somewhat inexperienced (-2 XL).
((Your sharp claws are effective at attacking unaware monsters.))
You tend to lose your temper in combat.
You are dopey. (Int -2)
You are frail (-10% HP).
You expend magic power (3 MP) to strengthen your wands.


Message History

You take 12 damage.
You closely miss Erica.
Erica is moderately wounded.
Emiel's ghost turns its malevolent gaze towards you.
You hit Erica.
Erica is moderately wounded.
Erica mumbles some strange words.
Erica flickers and vanishes for a moment.
You hit Erica.
Erica is heavily wounded.
Erica closely misses you.
You bite Erica!
Erica is severely wounded.
Something bites the bush but does no damage.
Something pecks the bush.
Something claws the bush but does no damage.
Erica gestures at you while chanting. The bolt of poison hits you!
You are lethally poisoned!
Ouch! That really hurt!
You die...

# .. #. ##. #
##..#######...
.##..#.........%
.....#..s@......
#....♣♣..W...
###..♣♣♣P...!
#..♣.P ...P
#..PP♣ ...
#..PP♣♣....
##...P.... .
#...♣♣PP..
##...♣♣PP


You could see Erica (invisible) and emiel's ghost.

Vanquished Creatures
  Erolcha (D:8)
  A troll (D:9)
  Prince Ribbit (D:7)
  A yak (D:8)
  A spriggan (D:7)
  A wolf (D:7)
  A water moccasin (D:7)
  3 phantoms
  A black bear (D:7)
  3 centaurs
  2 orc warriors
  An ice beast (D:8)
  2 ogres
  A big kobold (D:8)
  2 giant frogs
  A gnoll sergeant (D:7)
  2 scorpions (D:4)
  7 killer bees
  2 electric eels (D:8)
  2 crimson imps
  2 centaur zombies
  2 jellies
  3 orc priests
  Crazy Yiuf (D:3)
  3 hounds (D:7)
  9 worker ants
  3 orc wizards (D:8)
  An iguana (D:5)
  2 giant frog simulacra (D:8)
  2 hound skeletons
  A worker ant zombie (D:5)
  12 gnolls
  10 adders
  A white imp (D:8)
  3 oozes
  An adder skeleton (D:4)
  2 worms
  An adder simulacrum (D:8)
  4 giant geckos
  16 orcs
  2 ball pythons
  4 bats (D:2)
  5 goblins
  8 hobgoblins
  8 jackals
  12 giant cockroaches
  3 giant newts
  A jackal skeleton (D:4)
  9 kobolds
  5 quokkas
  A quokka skeleton (D:7)
  A quokka zombie (D:5)
  4 rats
  2 fungi (D:7)
180 creatures vanquished.

Notes
Turn   | Place    | Note
--------------------------------------------------------------
     0 | D:1      | xeno23 the Felid Transmuter began the quest for the Orb.
     0 | D:1      | Reached XP level 1. HP: 9/9 MP: 4/4
   129 | D:1      | Reached skill level 1 in Stealth
   194 | D:1      | Reached XP level 2. HP: 6/12 MP: 6/6
   377 | D:1      | Learned a level 2 spell: Sticks to Snakes
  1136 | D:2      | Found a faded altar to an unknown god.
  1219 | D:2      | Reached XP level 3. HP: 15/15 MP: 7/7
  1256 | D:2      | Found a white marble altar of Elyvilon.
  1367 | D:2      | Learned a level 3 spell: Spider Form
  1577 | D:2      | Found a shattered altar of Ashenzari.
  1984 | D:3      | Reached XP level 4. HP: 9/19 MP: 8/8
  2157 | D:3      | Noticed Crazy Yiuf
  3310 | D:3      | Killed Crazy Yiuf
  3310 | D:3      | Reached XP level 5. HP: 8/22 MP: 2/9
  3646 | D:4      | Reached skill level 4 in Unarmed Combat
  3717 | D:4      | Noticed an ogre
  3831 | D:4      | Killed an ogre
  3831 | D:4      | Gained mutation: You are covered in thick fur (AC +2). [Felid growth]
  3831 | D:4      | Reached XP level 6. HP: 27/27 MP: 2/10
  4019 | D:4      | HP: 2/42 [poisoned by a scorpion]
  4027 | D:4      | HP: 2/42 [poisoned by a scorpion]
  4842 | D:5      | Entered Level 5 of the Dungeon
  4849 | D:5      | Reached XP level 7. HP: 31/31 MP: 11/11
  4953 | D:5      | Reached skill level 5 in Unarmed Combat
  5047 | D:5      | Found a sparkling altar of Nemelex Xobeh.
  5331 | D:5      | Found a radiant altar of Vehumet.
  5455 | D:6      | Reached skill level 5 in Transmutations
  5639 | D:6      | Reached XP level 8. HP: 34/36 MP: 12/12
  5711 | D:6      | Reached skill level 5 in Dodging
  5830 | D:6      | Found a staircase to the Ecumenical Temple.
  5875 | Temple   | Entered the Ecumenical Temple
  5978 | Temple   | Became a worshipper of Ru the Awakened
  6497 | Temple   | Learned a level 5 spell: Blade Hands
  6553 | Temple   | Gained mutation: You tend to lose your temper in combat. [mutagenic glow]
  6609 | Temple   | Gained mutation: You are dopey. (Int -2) [mutagenic glow]
  6656 | Temple   | Gained mutation: You are frail (-10% HP). [mutagenic glow]
  6741 | Temple   | Gained mutation: You expend magic power (3 MP) to strengthen your wands. [mutagenic glow]
  6897 | D:7      | Found Xalyegoved's Assorted Antiques.
  6901 | D:7      | Bought a brightly glowing glass ring for 120 gold pieces
  6901 | D:7      | Bought a scroll of identify for 48 gold pieces
  6901 | D:7      | Identified the ring "Cittiovu" {Slay+4 Stlth-} (You bought it in a shop on level 7 of the Dungeon)
  7156 | D:7      | Reached skill level 1 in Evocations
  7528 | D:7      | Reached skill level 5 in Stealth
  7558 | D:7      | Reached skill level 6 in Unarmed Combat
  7620 | D:7      | Reached skill level 5 in Fighting
  7828 | D:7      | Noticed Prince Ribbit
  7971 | D:7      | Killed Prince Ribbit
  7971 | D:7      | Reached XP level 9. HP: 36/36 MP: 7/13
  8103 | D:7      | Noticed an ice statue
  8156 | D:7      | Found a shadowy altar of Dithmenos.
  8395 | D:8      | Noticed Grum
  8664 | D:8      | Noticed Erolcha
  8686 | D:7      | Slain by a wolf
  8687 | D:7      | Reached XP level 8. HP: -4/34 MP: 10/12
  8808 | D:8      | Found an opulent altar of Gozag.
  8820 | D:8      | Found a deep blue altar of Sif Muna.
  8826 | D:8      | Gained mutation: You are somewhat inexperienced (-2 XL). [Ru sacrifice]
  8826 | D:8      | Reached XP level 7. HP: 30/30 MP: 12/12
  8826 | D:8      | Reached XP level 6. HP: 27/27 MP: 11/11
  8826 | D:8      | Reached * piety under Ru
  8845 | D:8      | Reached skill level 7 in Unarmed Combat
  8851 | D:8      | Reached XP level 7. HP: 30/30 MP: 12/12
  9378 | D:8      | Found an iron altar of Okawaru.
 10095 | D:8      | Reached XP level 8. HP: 22/35 MP: 10/13
 10383 | D:8      | Found a snail-covered altar of Cheibriados.
 10452 | D:8      | Killed Erolcha
 10512 | D:8      | Slain by Grum
 10513 | D:8      | Reached XP level 7. HP: -2/31 MP: 11/13
 10554 | D:8      | Reached XP level 8. HP: 31/35 MP: 10/14
 10682 | D:9      | Noticed a troll
 10687 | D:9      | Killed a troll
 10687 | D:9      | Reached skill level 8 in Transmutations
 10772 | D:9      | Noticed Erica
 10782 | D:9      | Noticed emiel's ghost (novice DDSk)
 10785 | D:9      | Killed from afar by Erica

Action                   |  1- 3 |  4- 6 |  7- 9 || total
-------------------------+-------+-------+-------++-------
Melee: Unarmed           |    98 |   119 |   315 ||   532
 Cast: Beastly Appendage |     4 |     5 |     5 ||    14
       Spider Form       |       |     9 |    25 ||    34
Invok: Sacrifice Experie |       |     1 |       ||     1
 Abil: End Transformatio |       |       |     3 ||     3
Evoke: Wand              |       |       |     5 ||     5
  Use: Potion            |     1 |     2 |       ||     3
       Scroll            |       |     6 |     5 ||    11
 Stab: Sleeping          |    17 |     7 |    22 ||    46
       Confused          |       |       |     2 ||     2
  Eat: Chunk             |     8 |     9 |    26 ||    43
